 Dungeon Crawl Stone Soup version 0.30.1-11-g7821555f0a (webtiles) character file.

Game seed: 14715843669932639853

106 Bronimir the Grasshopper (level 4, -1/38 HPs)
             Began as an Armataur Warper on Dec 5, 2023.
             Killed by divine providence
             ... invoked by an orc priest
              (11 damage)
             ... on level 3 of the Dungeon on Dec 9, 2023.
             The game lasted 00:05:39 (2599 turns).

Bronimir the Grasshopper (Armataur Warper)          Turns: 2599, Time: 00:05:40

Health: -1/38      AC:  7    Str: 19    XL:     4   Next: 55%
Magic:  6/6        EV:  9    Int: 13    God:
Gold:   138        SH:  0    Dex:  9    Spells: 2/6 levels left

rFire   . . .        a - +0 hand axe
rCold   . . .        (no shield)
rNeg    . . .        h - +0 ring mail
rPois   .            (no helmet)
rElec   .            c - +0 cloak
rCorr   .            (no gloves)
SInv    .            (no barding)
Will    .....        (no amulet) Stlth
                     (no ring)
HPRegen 0.26/turn    (no ring)
MPRegen 0.10/turn

%: roll
@: no status effects
A: large, rugged brown scales 3, deformed body, armoured tail, roll, long
tongue, awkward tongue
a: no special abilities


You were on level 3 of the Dungeon.
You visited 1 branch of the dungeon, and saw 3 of its levels.

You collected 138 gold pieces.

Inventory:

Hand Weapons
 a - a +0 hand axe (weapon)
Missiles
 d - 2 boomerangs of dispersal (quivered)
 g - 3 poisoned darts
Armour
 b - a +0 leather armour
 c - a +0 cloak (worn)
 h - a +0 ring mail (worn)
 k - a +0 plate armour
Jewellery
 i - a ring of protection from fire
 j - an amulet of magic regeneration
Scrolls
 e - 2 scrolls of teleportation {unknown}
 f - a scroll of amnesia {unknown}
 l - 3 scrolls of magic mapping {unknown}
 m - 2 scrolls of poison {unknown}
 n - a scroll of identify {unknown}
 r - a scroll of acquirement {unknown}
Potions
 o - 2 potions of haste {unknown}
 p - a potion of degeneration {unknown}
 q - a potion of flight {unknown}
 s - a potion of brilliance {unknown}


   Skills:
 + Level 2.2 Fighting
 * Level 2.6 Axes
 + Level 1.0 Throwing
 * Level 2.6 Armour
 + Level 1.9 Dodging
 + Level 1.8 Spellcasting
 + Level 3.3 Translocations


You had 2 spell levels left.
You knew the following spells:

 Your Spells              Type           Power      Damage    Failure   Level
a - Blink                 Tloc           18%        N/A       17%         2
b - Lesser Beckoning      Tloc           18%        N/A       17%         2

Your spell library contained the following spells:

 Spells                   Type           Power      Damage    Failure   Level
 Freeze                   Ice            4%         1d3       41%         1
 Teleport Other           Tloc           9%         N/A       32%         3
 Vhi's Electric Charge    Tloc/Air       10%        N/A       54%         3
 Manifold Assault         Tloc           9%         N/A       73%         4
 Frozen Ramparts          Ice            2%         1d1       78%         3
 Hailstorm                Conj/Ice       1%         3d3       78%         3


Dungeon Overview and Level Annotations

Branches:
Dungeon (3/15)

Altars:
Ru

Shops:
D:1 [

Annotations:
D:1 2 transporters


Innate Abilities, Weirdness & Mutations

You are completely covered in rugged brown scales. (AC +3, +7% HP)
Armour fits poorly on your strangely shaped body.
You have a long armoured tail.
You roll when moving toward enemies. (Rampage)
Your long tongue fully drains potion bottles. (2x potion effects)
Your tongue gives you trouble enunciating. (1.5x scroll delay)


Message History

No target in view!
An orc comes into view. It is wielding a +0 morningstar.
An orc is nearby!
An orc priest comes into view. It is wielding a +0 trident.
The orc priest shouts!
You hear a shout!
The orc hits you with a +0 morningstar.
You hit the orc.
The orc is lightly wounded.
The orc hits you with a +0 morningstar!
The orc priest hits you but does no damage.
You hit the orc.
The orc is heavily wounded.
The orc hits you with a +0 morningstar!
The orc priest calls upon Beogh to heal the orc.
The orc's wounds heal themselves!
You are too injured to fight recklessly!
You are too injured to fight recklessly!
You are too injured to fight recklessly!
You are too injured to fight recklessly!
You are too injured to fight recklessly!
You are too injured to fight recklessly!
You are too injured to fight recklessly!
You are too injured to fight recklessly!
You are too injured to fight recklessly!
You are too injured to fight recklessly!
You completely miss the orc. The orc barely misses you.
The orc priest hits you but does no damage. x2
The orc hits you but does no damage.
The orc priest hits you with a +0 trident.
You slash the orc priest!
The orc priest is heavily wounded.
You hit the orc. The orc hits you with a +0 morningstar!
* * * LOW HITPOINT WARNING * * *
The orc priest barely misses you.
You closely miss the orc priest. You tail-slap the orc priest.
The orc priest is heavily wounded.
You barely miss the orc. The orc closely misses you.
The orc priest calls down the wrath of Beogh upon you.
Beogh smites you!
You die...

...###...##########.#.###.#
##.##..#................#.#
##.......#..........#.....#
.........#..........#.#####
.........# ...............#
............######.##.###.#
............####...######
###.####........o........
###.# ....####@#.######
..#.# ..#.# #o### ....# #.#
#.#.#####. ..# #.........
### ..#....... #.........
..######## ..#


You could see an orc priest and an orc.

Vanquished Creatures
  7 adders
  A worm (D:2)
  An orc (D:3)
  An endoplasm (D:1)
  3 giant cockroaches
  3 goblins
  5 hobgoblins
  2 jackals (D:1)
  A quokka (D:2)
  5 ball pythons
  A bat (D:3)
  2 frilled lizards (D:2)
  6 kobolds
  2 rats (D:3)
40 creatures vanquished.

Notes
Turn   | Place    | Note
-------+----------+-------------------------------------------
     0 | D:1      | Bronimir the Armataur Warper began the quest for the Orb.
     0 | D:1      | Reached XP level 1. HP: 18/18 MP: 3/3
    22 | D:1      | Found a faded altar of an unknown god.
   431 | D:1      | Reached XP level 2. HP: 25/25 MP: 4/4
   540 | D:1      | Found Ippoawer's Antique Armour Shop.
  1187 | D:2      | Reached XP level 3. HP: 22/31 MP: 5/5
  1640 | D:2      | Reached skill level 1 in Throwing
  1643 | D:2      | Learned a level 2 spell: Blink
  1646 | D:2      | Learned a level 2 spell: Lesser Beckoning
  1688 | D:2      | Reached XP level 4. HP: 37/38 MP: 6/6
  2140 | D:3      | Found a sacrificial altar of Ru.
  2599 | D:3      | Killed from afar by an orc priest

Illustrated notes

Levels and vault maps discovered:
D:1:      spicycebolla_arrival_transporter_tutorial, layout_loops_ring,
          serial_shops, shop, chequers_ecumenical_altar_twisty,
          minmay_hedge_maze
D:2:      layout_basic
D:3:      layout_basic, lemuel_crystal_altar

Skill      XL: |  1  2  3 |
---------------+----------+-----
Fighting       | 2 |  2.2
Axes           | 2 |  2.6
Armour         | 2 |  2.6
Throwing       | 1 |  1.0
Dodging        | |  1.9
Spellcasting   | |  1.8
Translocations | |  3.3

Action                     |  1- 3 |  4- 6 || total
---------------------------+-------+-------++-------
  Melee: Hand axe          |   118 |    60 ||   178
         Tailslap          |     7 |     8 ||    15
         Punch             |       |     2 ||     2
  Throw: Boomerang         |     5 |       ||     5
    Use: Scroll            |     1 |       ||     1
         Potion            |     2 |       ||     2
 Armour: Leather armour    |    11 |       ||    11
         Ring mail         |    38 |    29 ||    67
  Dodge: Dodged            |    55 |    30 ||    85
